 Dungeon Crawl Stone Soup version bcrawl-1.27.7 (webtiles) character file.

Game seed: 5834735969772449914

104111 MisterOstroum the Insei (level 4, -4/34 HPs)
             Began as a Merfolk Transmuter on Oct 17, 2020.
             Was an Initiate of Sif Muna.
             Killed from afar by a crimson imp (8 damage)
             ... with a flame tongue
             ... on level 4 of the Dungeon.
             The game lasted 00:07:45 (3051 turns).

MisterOstroum the Insei (Merfolk Transmuter)        Turns: 3051, Time: 00:07:45

Health: -4/34      AC:  2    Str: 10    XL:     4   Next: 91%
Magic:  7/7        EV: 13    Int: 13    God:    Sif Muna [......]
Gold:   235        SH:  0    Dex: 14    Spells: 0/7 levels left

rFire    . . .     SeeInvis .   c - +1 short sword (venom)
rCold    . . .     Gourm    .   (no shield)
rNeg     . . .     Faith    .   E - +0 robe
rPois    .         Spirit   .   (helmet currently unavailable)
rElec    .         Reflect  .   (no cloak)
rCorr    .         Harm     .   (no gloves)
MR       .....                  (no boots)
Stlth    +.........             (no amulet)
HPRegen  0.11/turn              (no ring)
MPRegen  0.10/turn              (no ring)

@: appendage (expiring)
A: change form in water, swift swim, stealthy swim, horns 3
a: End Transformation, Divine Energy, Renounce Religion


You were on level 4 of the Dungeon.
You worshipped Sif Muna.
Sif Muna was noncommittal.
You were hungry.
You had grown temporary horns.
You visited 1 branch of the dungeon, and saw 4 of its levels.

You collected 235 gold pieces.

Inventory:

Hand Weapons
 a - a +0 dagger
 c - a +1 short sword of venom (weapon)
 j - a +0 spear
 r - a cursed -1 spear
 A - a +0 blowgun
Missiles
 g - 893 stones (quivered)
 i - 311 poisoned needles
 p - 669 sling bullets
 v - 190 arrows
 D - 80 poisoned tomahawks
Armour
 l - a +0 leather armour
 n - a +0 helmet
 E - a +0 robe (worn)
Jewellery
 k - a cursed -3 ring of dexterity {unknown}
 C - an uncursed amulet of the acrobat {unknown}
Scrolls
 b - a scroll of blinking {unknown}
 m - a scroll of immolation {unknown}
 s - 2 scrolls of enchant armour {unknown}
 t - 5 scrolls of teleportation {@r3 !r}
 w - 3 scrolls of remove curse {unknown}
 y - a scroll of enchant weapon {unknown}
Potions
 d - 2 potions of lignification {@q6}
 f - a potion of magic
 h - a potion of heal wounds {@q2 !q}
 q - a potion of haste {@q4 !q}
 u - 2 potions of curing
 x - a potion of ambrosia {unknown}
 z - 3 potions of mutation
Comestibles
 e - 6 rations {!d}
 B - 2 chunks of flesh


   Skills:
 + Level 2.4 Fighting
 - Level 2.6 Dodging
 - Level 0.4 Stealth
 * Level 4.6 Unarmed Combat
 - Level 2.0 Spellcasting
 * Level 4.0 Transmutations
 + Level 0.5 Ice Magic


You couldn't memorise any spells.
You knew the following spells:

 Your Spells              Type           Power        Failure   Level  Hunger
a - Beastly Appendage     Tmut           ##....       4%          1    None
b - Sticks to Snakes      Tmut           ##......     8%          2    ##.....
c - Ice Form              Ice/Tmut       #.......     69%         4    ######.

Your spell library contained the following spells:

 Spells                   Type           Power        Failure   Level  Hunger
 Passwall                 Tmut/Erth      #.......     17%         2    ##.....
 Spider Form              Tmut/Pois      #..          32%         3    ####...
 Blade Hands              Tmut           ##........   80%         5    #######


Dungeon Overview and Level Annotations

Branches:
Dungeon (4/12)
 Temple: D:4-7

Altars:
Ashenzari
Hepliaklqana
Sif Muna
Xom
The Shining One

Annotations:
D:3 2 exclusions


Innate Abilities, Weirdness & Mutations

You revert to your normal form in water.
You are very nimble and swift while swimming.
You are very stealthy in the water. (Stealth+)
You have a pair of large horns on your head.


Message History

Anything else - Cancel.
Gang up on whom?
Press: ? - help, Dir - move target cursor, f - orc
Aim: an orc, wielding a +1 short sword of venom and quivering 83 poisoned tomahawks Attack!
You feel sick.
The orc throws a poisoned tomahawk.
The poisoned tomahawk hits you.
You are more poisoned.
You feel sick.
The orc throws a poisoned tomahawk.
The poisoned tomahawk misses you.
The orc throws a poisoned tomahawk.
The poisoned tomahawk misses you.
Your ball python closely misses the orc.
Your ball python grabs the orc.
Your ball python constricts the orc.
You feel sick.
Your ball python bites the orc.
Your ball python constricts the orc.
The orc hits you but does no damage.
You are more poisoned.
You hit the orc.
You kill the orc!
Sif Muna accepts your kill.
You feel sick.
You feel sick.
D - 80 poisoned tomahawks
Things that are here:
a +1 short sword of venom; an orc corpse You feel sick.
E - a +1 short sword of venom You feel sick.
You butcher the orc corpse.
You feel sick.
B - 4 chunks of flesh (gained 2)
You see here an orc skeleton.
You feel sick.
You feel sick.
You feel sick.
You start resting.
You feel sick.
Magic restored.
You feel sick. x4
Your ball python withers and dies!
You feel sick. x5
You are no longer poisoned.
A crimson imp is nearby!
Wield which item (- for none, * to show all)? (? for menu, Esc to quit)
Okay, then.
Unknown command.
Adjust to which letter? (? for menu, Esc to quit)
a - a +1 short sword of venom;
E - a +0 dagger Wield which item (- for none, * to show all)? (? for menu, Esc to quit)
Okay, then.
Drop what? 31/52 slots (_ for help) (? for menu, Esc to quit)
You drop a +0 short sword.
Wield which item (- for none, * to show all)? (? for menu, Esc to quit)
E - a +0 dagger (weapon)
Adjust to which letter? (? for menu, Esc to quit)
b - a +0 dagger (weapon);
E - a +0 robe (worn)
Wield which item (- for none, * to show all)? (? for menu, Esc to quit)
Okay, then.
Adjust to which letter? (? for menu, Esc to quit)
a - a +0 dagger (weapon);
b - a +1 short sword of venom Wield which item (- for none, * to show all)? (? for menu, Esc to quit)
Your +1 short sword of venom begins to drip with poison!
b - a +1 short sword of venom (weapon)
Adjust to which letter? (? for menu, Esc to quit)
c - a +1 short sword of venom (weapon);
b - a scroll labeled CIREACE WEFRA
Casting: Sticks to Snakes (safe; 8% risk of failure)
Confirm with . or Enter, or press ? or * to list all spells.
You grow a pair of large bovine horns.
The crimson imp hits you but does no damage.
You hit the crimson imp.
The crimson imp is moderately wounded.
The crimson imp closely misses you.
You hit the crimson imp.
The crimson imp is poisoned.
The crimson imp is moderately wounded.
The crimson imp summons a swarm of flies.
The crimson imp misses you.
Some of the chunks of flesh in your inventory have rotted away.
You hit the crimson imp.
The crimson imp is heavily wounded.
The crimson imp gestures at you. The flame tongue hits you!
* * * LOW HITPOINT WARNING * * *
The crimson imp misses you.
You barely miss the crimson imp.
The crimson imp is moderately wounded.
The crimson imp barely misses you.
You are feeling hungry.
You hit the crimson imp. You headbutt the crimson imp.
The crimson imp is severely wounded.
The crimson imp hits you.
* * * LOW HITPOINT WARNING * * *
You hit the crimson imp.
The crimson imp is severely wounded.
The crimson imp closely misses you.
You closely miss the crimson imp.
The crimson imp is severely wounded.
The crimson imp hits you.
* * * LOW HITPOINT WARNING * * *
You closely miss the crimson imp.
The crimson imp is severely wounded.
The crimson imp hits you but does no damage.
Your transformation is almost over.
The crimson imp gestures at you. The flame tongue hits you!
You die...

### ### ##.#### ##)#
###.###.## ##.## ##.##
##.## ##..## ...##
##.###.5..# .#..#
##......@#.: ###.##
#..........#..# # ##.##
#..#.........#. #
##..####..#........#.. #
#.....#..##..###..#..#
###..#.....#.... ....#.
.....##..>##..... ...#..
###.....##....####..#..#
# ##.#### ..5##


You could see a crimson imp.

Vanquished Creatures
  A hound skeleton (D:4)
  3 adders
  3 oozes
  An adder skeleton (D:4)
  A worm (D:3)
  2 dart slugs
  A leopard gecko (D:3)
  6 orcs
  A ball python (D:3)
  A giant cockroach (D:4)
  A goblin (D:1)
  3 hobgoblins
  5 jackals
  A quokka (D:3)
  3 bats
  2 frilled lizards (D:2)
  4 kobolds (D:3)
  3 rats
42 creatures vanquished.

Vanquished Creatures (collateral kills)
  A hobgoblin (D:3)
  2 jackals (D:3)
3 creatures vanquished.

Grand Total: 45 creatures vanquished

Notes
Turn   | Place    | Note
-------+----------+-------------------------------------------
     0 | D:1      | MisterOstroum the Merfolk Transmuter began the quest for
                  | the Orb.
     0 | D:1      | Reached XP level 1. HP: 15/15 MP: 3/3
    51 | D:1      | Found a glowing golden altar of the Shining One.
   789 | D:2      | Found a shimmering altar of Xom.
   794 | D:2      | Reached XP level 2. HP: 15/21 MP: 5/5
   821 | D:1      | Learned a level 2 spell: Sticks to Snakes
  1085 | D:2      | Reached XP level 3. HP: 23/27 MP: 4/6
  1607 | D:3      | Reached XP level 4. HP: 26/33 MP: 5/7
  1682 | D:3      | Found a hazy altar of Hepliaklqana.
  1890 | D:3      | Found a shimmering blue altar of Sif Muna.
  1892 | D:3      | Found a shattered altar of Ashenzari.
  1897 | D:3      | Became a worshipper of Sif Muna the Loreminder
  2007 | D:3      | Learned a level 4 spell: Ice Form
  3051 | D:4      | Killed from afar by a crimson imp

Skill      XL: |  1  2  3  4 |
---------------+-------------+-----
Transmutations | 3 4 |  4.0
Unarmed Combat | 4 |  4.6
Fighting       | 2 |  2.4
Dodging        | |  2.6
Stealth        | |  0.4
Spellcasting   | |  2.0
Ice Magic      | |  0.5

Action                   |  1- 3 |  4- 6 || total
-------------------------+-------+-------++-------
Melee: Spear             |     7 |       ||     7
       Unarmed           |    81 |    51 ||   132
       Headbutt          |     7 |     7 ||    14
       Punch             |     2 |     1 ||     3
       Dagger            |       |     9 ||     9
       Short sword       |       |     8 ||     8
Throw: Stone             |    20 |     4 ||    24
 Cast: Beastly Appendage |    13 |    11 ||    24
       Sticks to Snakes  |       |     4 ||     4
  Use: Scroll            |     3 |     3 ||     6
 Stab: Sleeping          |     2 |     1 ||     3
  Eat: Chunk             |     5 |     6 ||    11
Armor: Robe              |    13 |    11 ||    24
Dodge: Dodged            |    44 |    68 ||   112
